 Dungeon Crawl Stone Soup version 0.30-a0-691-g754fce4c43 (webtiles) character file.

Game seed: 4942656501291126444

177 garrulousMonolith the Slasher (level 5, -10/38 (43) HPs)
             Began as a Gnoll Reaver on Jan 19, 2023.
             Was an Initiate of Ashenzari.
             Mangled by an ogre
             ... wielding a +0 giant club
              (35 damage)
             ... on level 4 of the Dungeon.
             The game lasted 00:04:38 (3352 turns).

garrulousMonolith the Slasher (Gnoll Reaver)        Turns: 3352, Time: 00:04:39

HP:   -10/38 (43)   AC:  3    Str: 12    XL:     5   Next: 57%
MP:   10/12         EV: 12    Int: 14    God:    Ashenzari [......]
Gold: 217           SH:  0    Dex: 10    Spells: 7/14 levels left

rFire   . . .      SeeInvis .    n - +0 trident
rCold   . . .      Faith    .    (no shield)
rNeg    . . .      Spirit   .    u - +0 leather armour
rPois   .          Reflect  .    (no helmet)
rElec   .          Harm     .    (no cloak)
rCorr   .          Rampage  .    (no gloves)
Will    .....                    (no boots)
Stlth   +                        (no amulet)
HPRegen 0.26/turn                (no ring)
MPRegen 0.13/turn                (no ring)

@: heavily drained, invisible
A: fangs 1, strong nose, distributed training
a: Renounce Religion


You were on level 4 of the Dungeon.
You worshipped Ashenzari.
Ashenzari was noncommittal.
You visited 1 branch of the dungeon, and saw 4 of its levels.

You collected 217 gold pieces.

Inventory:

Hand Weapons
 a - a +0 falchion
 b - a +0 sling of flaming
 n - a +0 trident (weapon)
Missiles
 m - 5 poisoned darts
Armour
 l - a +0 ring mail
 u - a +0 leather armour (worn)
Magical Staves
 c - a staff of air
Jewellery
 f - a ring of ice
Scrolls
 e - a scroll of silence {unknown}
 h - a scroll of acquirement {unknown}
 i - a scroll of magic mapping {unknown}
 o - 2 scrolls of teleportation
 s - a scroll of noise
Potions
 g - a potion of curing
 j - 2 potions of invisibility
 k - a potion of cancellation {unknown}
 p - 3 potions of haste
 q - a potion of might {unknown}
 r - a potion of brilliance {unknown}
 t - a potion of flight {unknown}
 v - a potion of mutation {unknown}


   Skills:
 + Level 4.8 Fighting
 + Level 1.6 Short Blades
 + Level 6.7 Long Blades
 + Level 1.6 Axes
 + Level 1.6 Maces & Flails
 + Level 1.6 Polearms
 + Level 1.6 Staves
 + Level 1.6 Ranged Weapons
 + Level 1.6 Throwing
 + Level 1.6 Armour
 + Level 4.8 Dodging
 + Level 1.6 Stealth
 + Level 1.6 Shields
 + Level 1.6 Unarmed Combat
 + Level 5.2 Spellcasting
 + Level 5.6 Conjurations
 + Level 1.3 Hexes
 + Level 1.3 Summonings
 + Level 1.3 Necromancy
 + Level 1.3 Translocations
 + Level 1.3 Transmutations
 + Level 1.3 Fire Magic
 + Level 1.3 Ice Magic
 + Level 1.3 Air Magic
 + Level 1.3 Earth Magic
 + Level 1.3 Poison Magic
 + Level 1.8 Invocations
 + Level 1.6 Evocations


You had 7 spell levels left.
You knew the following spells:

 Your Spells              Type           Power      Damage    Failure   Level
a - Kiss of Death         Conj/Necr      52%        2d9       5%          1
b - Momentum Strike       Conj/Tloc      26%        3d8       8%          2
c - Hailstorm             Conj/Ice       13%        3d5       16%         3
d - Apportation           Tloc           14%        N/A       13%         1

Your spell library contained the following spells:

 Spells                   Type           Power      Damage    Failure   Level
 Necrotise                Necr           28%        1d5       13%         1
 Sting                    Tmut/Pois      28%        1d4       13%         1
 Summon Small Mammal      Summ           28%        N/A       13%         1
 Poisonous Vapours        Pois/Air       14%        N/A       19%         2
 Sublimation of Blood     Necr           7%         N/A       19%         2
 Ozocubu's Armour         Ice            7%         N/A       36%         3
 Olgreb's Toxic Radiance  Pois           7%         N/A       77%         4
 Petrify                  Tmut/Erth      7%         N/A       77%         4
 Irradiate                Conj/Tmut      6%         3d13      82%         5
 Ozocubu's Refrigeration  Ice            3%         4d8       100%        7


Dungeon Overview and Level Annotations

Branches:
Dungeon (4/15)
 Temple: D:4-7

Altars:
Ashenzari


Innate Abilities, Weirdness & Mutations

You have very sharp teeth.
Your uncanny sense of smell can sniff out nearby items.
Your experience applies equally to all skills.


Message History

Casting: Hailstorm (quite dangerous; 16% risk of failure)
Confirm with . or Enter, or press ? or * to list all spells.
Okay, then.
Okay, then.
You barely miss the ogre.
The ogre is heavily wounded.
The giant cockroach closely misses you. The kobold closely misses you.
You hit the ogre but do no damage.
The ogre is heavily wounded.
The giant cockroach bites you but does no damage.
The ogre barely misses you. The kobold barely misses you.
The giant cockroach bites you but does no damage.
You hit the ogre but do no damage.
The ogre is heavily wounded.
The kobold hits you with a +0 club. The giant cockroach barely misses you.
The kobold closely misses you. The ogre closely misses you.
You hit the ogre.
The ogre is heavily wounded.
The giant cockroach bites you.
The kobold hits you but does no damage. x2
The ogre hits you with a +0 giant club!!
Ouch! That really hurt!
* * * LOW HITPOINT WARNING * * *
The giant cockroach bites you.
* * * LOW HITPOINT WARNING * * *
The kobold hits you but does no damage. The kobold misses you.
You feel much better.
The giant cockroach bites you but does no damage.
The kobold closely misses you.
The kobold hits you with a +0 short sword.
The ogre closely misses you.
You fade into invisibility!
The giant cockroach closely misses you. The kobold closely misses you.
The kobold barely misses you.
You strike the helpless ogre from behind!
You hit the ogre. You bite the ogre, but do no damage.
The ogre is severely wounded.
The giant cockroach barely misses you.
The ogre hits you with a +0 giant club!!
Ouch! That really hurt!
You die...

..#..## ###K### #..##
#.'...###.....## +...# ##
#.#....###.....## #...# #.
..#.....###.....## #...# #.
#.##.....###.....## #...# #)
#.###.....###.....###...# #<
#.#####'#######'####....########.
............)..BK.......#...##...
.....#......)#.O@.......:......##
.......##.##.#.K...............#
.....#.##..#.#.................##
.....#.###.#.########...#.>.##...
######.###.#.# #...#########
#.......# #...# # ## #####.###
##...## # .# #####.# ##.....## #
.#####.....# #.#.....# #


You could see an ogre (unable to see you), a giant cockroach (unable to see you)
and 2 kobolds.

Vanquished Creatures
  A hound (D:4)
  3 gnolls
  3 adders
  2 dart slugs (D:3)
  5 orcs
  2 bats
  14 endoplasms
  3 giant cockroaches
  7 goblins
  6 hobgoblins
  8 jackals
  3 quokkas
  7 ball pythons
  3 frilled lizards
  5 kobolds
  4 rats
76 creatures vanquished.

Notes
Turn   | Place    | Note
-------+----------+-------------------------------------------
     0 | D:1      | garrulousMonolith the Gnoll Reaver began the quest for the
                  | Orb.
     0 | D:1      | Reached XP level 1. HP: 20/20 MP: 6/6
   201 | D:1      | Reached XP level 2. HP: 23/26 MP: 7/7
  1081 | D:2      | Reached skill level 5 in Spellcasting
  1081 | D:2      | Reached XP level 3. HP: 31/31 MP: 7/9
  1086 | D:2      | Learned a level 2 spell: Momentum Strike
  1090 | D:2      | Learned a level 3 spell: Hailstorm
  1428 | D:2      | Reached skill level 1 in Invocations
  1655 | D:2      | Reached skill level 1 in Short Blades
  1655 | D:2      | Reached skill level 1 in Axes
  1655 | D:2      | Reached skill level 1 in Maces & Flails
  1655 | D:2      | Reached skill level 1 in Polearms
  1655 | D:2      | Reached skill level 1 in Staves
  1655 | D:2      | Reached skill level 1 in Ranged Weapons
  1655 | D:2      | Reached skill level 1 in Throwing
  1655 | D:2      | Reached skill level 1 in Armour
  1655 | D:2      | Reached skill level 1 in Stealth
  1655 | D:2      | Reached skill level 1 in Shields
  1655 | D:2      | Reached skill level 1 in Unarmed Combat
  1655 | D:2      | Reached skill level 1 in Evocations
  1915 | D:3      | Reached XP level 4. HP: 33/38 MP: 11/11
  2477 | D:4      | Reached skill level 1 in Hexes
  2477 | D:4      | Reached skill level 1 in Summonings
  2477 | D:4      | Reached skill level 1 in Necromancy
  2477 | D:4      | Reached skill level 1 in Translocations
  2477 | D:4      | Reached skill level 1 in Transmutations
  2477 | D:4      | Reached skill level 1 in Fire Magic
  2477 | D:4      | Reached skill level 1 in Ice Magic
  2477 | D:4      | Reached skill level 1 in Air Magic
  2477 | D:4      | Reached skill level 1 in Earth Magic
  2477 | D:4      | Reached skill level 1 in Poison Magic
  2526 | D:4      | Learned a level 1 spell: Apportation
  2553 | D:4      | Found a broken altar of Ashenzari.
  2872 | D:4      | Became a worshipper of Ashenzari the Shackled
  2998 | D:4      | Reached XP level 5. HP: 11/36 MP: 9/12
  3331 | D:4      | Noticed an ogre
  3349 | D:4      | HP: 1/38 [giant cockroach (2)]
  3352 | D:4      | Mangled by an ogre

Illustrated notes

Levels and vault maps discovered:
D:1:      heliophobic_arrival_henge, layout_basic, serial_corexii_hall,
          corexii_hall_statues_l, corexii_hall_statues_i, minmay_misc_feat_iff
D:2:      layout_basic, kennysheep_donut, wad_floor_pattern_untrapped
D:3:      layout_rooms, minmay_between
D:4:      layout_loops_cross, nicolae_wu_jian_immortal_techniques,
          mainiacjoe_overflow_small_starburst, minmay_quadrilaterals, uniq_pikel

Skill      XL: |  1  2  3  4 |
---------------+-------------+-----
Spellcasting   | 5 |  5.2
Invocations    | 1 |  1.8
Short Blades   | 1 |  1.6
Axes           | 1 |  1.6
Maces & Flails | 1 |  1.6
Polearms       | 1 |  1.6
Staves         | 1 |  1.6
Ranged Weapons | 1 |  1.6
Throwing       | 1 |  1.6
Armour         | 1 |  1.6
Stealth        | 1 |  1.6
Shields        | 1 |  1.6
Unarmed Combat | 1 |  1.6
Evocations     | 1 |  1.6
Hexes          | 1 |  1.3
Summonings     | 1 |  1.3
Necromancy     | 1 |  1.3
Translocations | 1 |  1.3
Transmutations | 1 |  1.3
Fire Magic     | 1 |  1.3
Ice Magic      | 1 |  1.3
Air Magic      | 1 |  1.3
Earth Magic    | 1 |  1.3
Poison Magic   | 1 |  1.3
Fighting       | |  4.8
Long Blades    | |  6.7
Dodging        | |  4.8
Conjurations   | |  5.6

Action                   |  1- 3 |  4- 6 || total
-------------------------+-------+-------++-------
Melee: Falchion          |    93 |    56 ||   149
       Bite              |    11 |     8 ||    19
       Trident           |    22 |    40 ||    62
       Punch             |     1 |     1 ||     2
 Fire: Sling             |    16 |    45 ||    61
 Cast: Kiss of Death     |       |     2 ||     2
       Momentum Strike   |       |     1 ||     1
       Hailstorm         |       |     1 ||     1
  Use: Potion            |     1 |     4 ||     5
       Scroll            |       |     5 ||     5
 Stab: Sleeping          |     1 |     1 ||     2
       Distracted        |       |     1 ||     1
       Invisible         |       |     1 ||     1
Armor: Leather armour    |    31 |    30 ||    61
Dodge: Dodged            |    90 |   134 ||   224

Table legend: (Time is in decaauts)
 A = Elapsed time spent in this place.
 B = Non-inter-level travel time spent in this place.
 C = Inter-level travel time spent in this place.
 D = Time resting spent in this place.
 E = Time spent auto-exploring this place.
 F = Levels seen in this place.
 G = Mean time per level.
                   A        B        C        D        E       F      G
               +--------+--------+--------+--------+--------+-----+--------+
         Total |   3386 |   3260 |    126 |    500 |   2081 |   4 |  846.5 |
       Dungeon |   3386 |   3260 |    126 |    500 |   2081 |   4 |  846.5 |
               +--------+--------+--------+--------+--------+-----+--------+

Top non-repeatable levels by time:
     D:2: 1134 daAuts
     D:3: 783 daAuts
     D:1: 740 daAuts
     D:4: 728 daAuts
